 Dungeon Crawl Stone Soup version 0.22.0-13-g43fe8f24b8 (webtiles) character file.

40 Kirk the Magician (level 3, -3/24 HPs)
             Began as a Mummy Wizard on Aug 16, 2018.
             Slain by an ooze (4 damage)
             ... on level 4 of the Dungeon.
             The game lasted 00:03:32 (1910 turns).

Kirk the Magician (Mummy Wizard)                    Turns: 1910, Time: 00:03:33

Health: -3/24      AC:  2    Str: 10    XL:     3   Next: 30%
Magic:  2/9        EV: 12    Int: 18    God:
Gold:   78         SH:  0    Dex: 10    Spells: 9/12 levels left

rFire    x . .     SeeInvis .   c - +0 short sword
rCold    + . .     Gourm    .   (no shield)
rNeg     + + +     Faith    .   a - +0 robe
rPois    ∞         Spirit   .   b - +0 hat
rElec    .         Reflect  .   (no cloak)
rCorr    .         Harm     .   (no gloves)
MR       .....                  (no boots)
Stlth    ++........             (no amulet)
HPRegen  0.08/turn              (no ring)
MPRegen  0.11/turn              (no ring)

@: no status effects
A: no food or potions, fire vulnerability, cold resistance 1, negative energy
resistance 3, torment resistance, unbreathing
a: no special abilities


You were on level 4 of the Dungeon.
You were not hungry.

You visited 1 branch of the dungeon, and saw 4 of its levels.

You collected 78 gold pieces.

Inventory:

Hand Weapons
 c - a +0 short sword (weapon)
Armour
 a - a +0 robe (worn)
 b - a +0 hat (worn)
Wands
 d - a wand of polymorph (15)
Scrolls
 e - a scroll of amnesia {unknown}


   Skills:
 + Level 0.7 Short Blades
 - Level 1.5 Dodging
 - Level 1.6 Stealth
 + Level 5.1 Spellcasting
 + Level 1.2 Conjurations
   Level 0.7 Summonings
 + Level 0.7 Translocations


You had 9 spell levels left.
You knew the following spells:

 Your Spells              Type           Power        Failure   Level  Hunger
a - Magic Dart            Conj           #...         8%          1    N/A
b - Blink                 Tloc           N/A          14%         2    N/A

Your spell library contained the following spells:

 Spells                   Type           Power        Failure   Level  Hunger
 Conjure Flame            Conj/Fire      #.......     30%         3    N/A
 Slow                     Hex            #.......     21%         2    N/A
 Mephitic Cloud           Conj/Pois/Air  #.......     32%         3    N/A
 Call Imp                 Summ           #.......     14%         2    N/A

Dungeon Overview and Level Annotations

Branches:
Dungeon (4/15)
 Temple: D:4-7

Altars:

Annotations:
D:3 Sigmund


Innate Abilities, Weirdness & Mutations

You do not eat or drink.
Your flesh is vulnerable to fire.
You are immune to poison.
Your flesh is cold resistant. (rC+)
You are immune to negative energy. (rN+++)
You are immune to unholy pain and torment.
You can survive without breathing.


Message History

The ooze hits you but does no damage.
Unknown command.
Casting: Magic Dart (safe; 8% risk of failure)
Confirm with . or Enter, or press ? or * to list all spells.
Aiming: Magic Dart (safe; 8% risk of failure)
Press: ? - help, Shift-Dir - straight line, f/p - ooze
Aim: an ooze (heavily wounded)
The magic dart hits the ooze.
The ooze is severely wounded.
The ooze hits you.
* * * LOW HITPOINT WARNING * * *
Casting: Magic Dart (safe; 8% risk of failure)
Confirm with . or Enter, or press ? or * to list all spells.
Aiming: Magic Dart (safe; 8% risk of failure)
Press: ? - help, Shift-Dir - straight line, f/p - ooze
Aim: an ooze (severely wounded)
The magic dart hits the ooze.
The ooze is severely wounded.
The ooze hits you.
You die...

#.....#
.....#
.....#
.....# #
##....# ..
##.$⌠..#...
#..........
#..J..⌠....
#..@.......
#.....⌠....
#..........
##..⌠..#...
##..(.# ..
.....# .
.....#
.....#


You could see an ooze.

Vanquished Creatures
  An ooze (D:2)
  4 dart slugs
  4 giant cockroaches
  7 hobgoblins
  2 kobolds (D:2)
  3 bats
  2 frilled lizards
  3 rats
26 creatures vanquished.

Notes
Turn   | Place    | Note
-------+----------+-------------------------------------------
     0 | D:1      | Kirk the Mummy Wizard began the quest for the Orb.
     0 | D:1      | Reached XP level 1. HP: 13/13 MP: 5/5
   222 | D:1      | Reached XP level 2. HP: 19/19 MP: 1/7
  1320 | D:2      | Learned a level 2 spell: Blink
  1330 | D:2      | Reached skill level 1 in Conjurations
  1655 | D:2      | Reached skill level 5 in Spellcasting
  1655 | D:2      | Reached XP level 3. HP: 23/24 MP: 1/9
  1855 | D:2      | You fall through a shaft!
  1855 | D:3      | Noticed Sigmund
  1860 | D:3      | You fall through a shaft!
  1860 | D:4      | Noticed a scorpion
  1903 | D:4      | a scorpion changed into an ooze
  1909 | D:4      | HP: 1/24 [ooze (5)]
  1910 | D:4      | Slain by an ooze

Skill      XL: |  1  2 |
---------------+-------+-----
Conjurations   | 1 |  1.2
Spellcasting   | 5 |  5.1
Short Blades   | |  0.7
Dodging        | |  1.5
Stealth        | |  1.6
Summonings     | |  0.7
Translocations | |  0.7

Action                   || total
-------------------------++-------
Melee: Short sword       ||    23
 Cast: Magic Dart        ||    86
Evoke: Wand              ||     1
 Stab: Sleeping          ||     1
Armor: Robe              ||     2
Dodge: Dodged            ||    27
